Login

Syracuse Crunch vs Wilkes-Barre/Scranton Penguins

Created - 09 April 2024 at 23:27

Goals
1 2 3 T
Syracuse Crunch 0 2 0 2
Wilkes-Barre/Scranton Penguins 0 1 5 6
Shots
1 2 3 T
Syracuse Crunch 4 21 12 37
Wilkes-Barre/Scranton Penguins 7 12 13 32

GoalsPenalties
1st period
No Goal
No Penalty
2nd period
1. Syracuse Crunch , Simon Ryfors 11 (Alex Barre-Boulet 14) at 13:39 (PP)
2. Syracuse Crunch , Gabriel Fortier 5 (Cole Koepke 8, Jack Thompson 4) at 15:10
3. Wilkes-Barre/Scranton Penguins , Marc Johnstone 4 (Filip Hallander 2, Jack Rathbone 13) at 17:44
Dmitri Samorukov (WBS) for Tripping (Minor) at 0:22
Alex Barre-Boulet (SYR) for Roughing (Double Minor) at 0:44
John Ludvig (WBS) for High sticking (Minor) at 13:27
Valtteri Puustinen (WBS) for Tripping (Minor) at 17:51
Alex Barre-Boulet (SYR) for Holding (Minor) at 19:08
3rd period
4. Wilkes-Barre/Scranton Penguins , Filip Hallander 7 (Radim Zohorna 8, Jack Rathbone 14) at 0:40 (PP)
5. Wilkes-Barre/Scranton Penguins , Filip Hallander 8 (Jack Rathbone 15, Radim Zohorna 9) at 3:31 (PP)
6. Wilkes-Barre/Scranton Penguins , Jonathan Gruden 5 (John Ludvig 3, Corey Andonovski 2) at 8:06
7. Wilkes-Barre/Scranton Penguins , Jonathan Gruden 6 (Jack Rathbone 16, Jack St-Ivany 1) at 12:45
8. Wilkes-Barre/Scranton Penguins , Valtteri Puustinen 6 (Will Butcher 4, Vinnie Hinostroza 16) at 17:10
Alex Barre-Boulet (SYR) for Cross-checking (Minor) at 2:51
Goalie Stats
Luke Peressini (SYR), 26 saves from 32 shots - (0.813), L, 2-6-0, 60:00 minutes
Magnus Hellberg (WBS), 35 saves from 37 shots - (0.946), W, 7-2-3, 60:00 minutes
3 StarsOfficial
1 - Jonathan Gruden (WBS)
2 - Filip Hallander (WBS)
3 - Jack Rathbone (WBS)
Referees : Corey Syvret and Chris Lee
Linesman : Jesse Marquis and Pierre Racicot
Game Note
No Game Note
Finance
Level 1 -- Attendance: 1927 (96.35%) -- Ticket Income $67,445
Level 2 -- Attendance: 983 (98.30%) -- Ticket Income $14,745
Total Attendance: 2910 (97.00%)
Total Ticket Income: $82,190
Other Income: $40,273
Total Income: $122,463



Team Name Goals Shots Shots Attemp Shots Blocked PIM HIT PP PK FO%
Syracuse Crunch 23764138161 / 3 (33%)251%
Wilkes-Barre/Scranton Penguins 6326886172 / 4 (50%)149%

Syracuse Crunch
Player Name POS G A P +/- PIM HIT SHT SB MP PP MP PP SHT PK MP PK SHT FO% FOT GA TA
Alex Barre-BouletC011-2834020:101:2000:00052% 2311
Bennett MacArthurLW000000003:300:0000:0000% 000
Brandon HickeyD0000000316:281:1800:1500% 001
Brenden MillerD0000033118:310:3301:0300% 001
Cole KoepkeLW011-2008019:450:0000:420100% 102
Declan CarlileD000-3022222:420:0002:3410% 001
Felix RobertC000-1000114:450:0000:0000% 100
Gabriel FortierLW1010018018:300:2901:0240% 010
Gage GoncalvesC000-1001016:140:0000:57050% 210
Ilya UsauC000000005:550:0000:520100% 100
Jack FinleyC0000011018:510:2901:47033% 300
Jack ThompsonD0110002119:190:3301:0300% 001
Jake MassieD0000000118:001:1802:3700% 000
Logan BrownC0000002020:020:2902:02040% 1011
Lucas EdmondsRW000-2021120:431:2200:220100% 300
Mitchell ChaffeeRW000000003:300:0000:0000% 000
Sean DayD000-3033220:450:0000:1200% 001
Simon RyforsC101-1012116:061:2210:00043% 700
Wilkes-Barre/Scranton Penguins
Player Name POS G A P +/- PIM HIT SHT SB MP PP MP PP SHT PK MP PK SHT FO% FOT GA TA
Alex NylanderLW0001005120:291:2201:181100% 220
Corey AndonovskiRW0112002013:100:1200:0000% 000
Dmitri SamorukovD0000221123:352:4000:5700% 001
Filip HallanderC2130026017:521:4120:18053% 1501
Jack RathboneD0441031225:442:1901:1900% 001
Jack St-IvanyD011100005:370:0000:0000% 000
John LudvigD0111200013:530:0000:2200% 000
Jonathan GrudenC2022034013:430:5000:15080% 530
Jordan FrascaLW000000009:000:0000:0000% 000
Lukas SvejkovskyRW000000009:290:0000:000100% 100
Marc JohnstoneRW1010011017:031:3200:0000% 000
Radim ZohornaLW0220022017:421:4100:1800% 000
Raivis AnsonsLW0002000013:110:4900:1500% 100
Ryan SheaD0001012219:381:3300:3200% 010
Valtteri PuustinenRW1011212017:371:4700:0000% 010
Vinnie HinostrozaC0111012024:571:2101:18037% 2720
Will ButcherD0111014220:471:3300:3200% 001
Xavier OuelletD0001000012:200:0000:0000% 000

Syracuse Crunch

5 vs 5 Forward
Line #Left WingCenterRight WingPHYDFOFWanted %Time %Time Play
1Cole KoepkeAlex Barre-BouletLucas Edmonds1224038%19:37
2Gabriel FortierLogan BrownJack Finley1223030%15:26
3Felix RobertSimon RyforsGage Goncalves1222026%13:40
4Gabriel FortierGage GoncalvesLogan Brown122106%3:15
5 vs 5 Defense
Line #DefenseDefensePHYDFOFWanted %Time %Time Play
1Declan CarlileSean Day1224041%21:05
2Jack ThompsonBrenden Miller1223031%16:20
3Jake MassieBrandon Hickey1222023%11:42
4Jack ThompsonDeclan Carlile122105%2:51
Power Play Forward
Line #Left WingCenterRight WingPHYDFOFWanted %Time %Time Play
1Simon RyforsAlex Barre-BouletLucas Edmonds1226074%1:22
2Gabriel FortierLogan BrownJack Finley1224026%0:29
Power Play Defense
Line #DefenseDefensePHYDFOFWanted %Time %Time Play
1Jake MassieBrandon Hickey1226070%1:18
2Jack ThompsonBrenden Miller1224030%0:33
Penalty Kill 4 Players Forward
Line #CenterWingPHYDFOFWanted %Time %Time Play
1Jack FinleyLogan Brown1226081%3:09
2Lucas EdmondsGabriel Fortier1224019%0:43
Penalty Kill 4 Players Defense
Line #DefenseDefensePHYDFOFWanted %Time %Time Play
1Jake MassieDeclan Carlile1226073%2:49
2Jack ThompsonBrenden Miller1224027%1:03
Penalty Kill 3 Players
Line #WingPHYDFOFWanted %Time %Time PlayDefenseDefensePHYDFOFWanted %Time %Time Play
1Gabriel Fortier122600%0:00 Brandon HickeyJake Massie122600%0:00
2Logan Brown122400%0:00 Jack ThompsonBrenden Miller122400%0:00
4 vs 4 Forward
Line #CenterWingPHYDFOFWanted %Time %Time Play
1Lucas EdmondsLogan Brown1226061%1:25
2Jack FinleyGabriel Fortier1224039%0:54
4 vs 4 Defense
Line #DefensePHYDFOFWanted %Time %Time Play
1Brandon HickeyJake Massie1226068%60% - 1:35
2Jack ThompsonBrenden Miller1224032%40% - 0:44
Last Minutes Offensive
Left WingCenterRight WingDefenseDefense
Logan BrownAlex Barre-BouletLucas EdmondsDeclan CarlileSean Day
Last Minutes Defensive
Left WingCenterRight WingDefenseDefense
Logan BrownAlex Barre-BouletLucas EdmondsDeclan CarlileSean Day
Time
Total ForwardTotal DefenseLast Minutes OffensiveLast Minutes Defensive
60:00 60:00 0:000:00
Extra Forwards
Normal PowerPlayPenalty Kill
Jack Finley, Felix Robert, Ilya UsauJack Finley, Felix RobertIlya Usau
Extra Defensemen
Normal PowerPlayPenalty Kill
Jake Massie, Brandon Hickey, Jack ThompsonJake Massie, Brandon HickeyJack Thompson
Penalty Shots
Jack Finley, Logan Brown, Lucas Edmonds, Gabriel Fortier, Simon Ryfors
Goalie
Luke Peressini, Hugo Alnefelt
Custom OT Lines Forwards
Alex Barre-Boulet, Logan Brown, Cole Koepke, Gabriel Fortier, Simon Ryfors, Gage Goncalves, Jack Finley, Lucas Edmonds, Felix Robert, Ilya Usau
Custom OT Lines Defensemen
Brandon Hickey, Declan Carlile, Jack Thompson, Brenden Miller, Jake Massie
Scratches
Jaydon Dureau (Bruised Right Arm Injury), Garrett Metcalf (Healthy)

Wilkes-Barre/Scranton Penguins

5 vs 5 Forward
Line #Left WingCenterRight WingPHYDFOFWanted %Time %Time Play
1Alex NylanderVinnie HinostrozaValtteri Puustinen1224032%16:43
2Radim ZohornaFilip HallanderMarc Johnstone1223030%15:29
3Raivis AnsonsJonathan GrudenCorey Andonovski1222022%11:40
4Jordan FrascaVinnie HinostrozaLukas Svejkovsky1221016%8:06
5 vs 5 Defense
Line #DefenseDefensePHYDFOFWanted %Time %Time Play
1Jack RathboneDmitri Samorukov1224039%20:22
2Will ButcherRyan Shea1223031%16:18
3John LudvigXavier Ouellet1222022%11:29
4Jack St-IvanyJack Rathbone122107%3:49
Power Play Forward
Line #Left WingCenterRight WingPHYDFOFWanted %Time %Time Play
1Alex NylanderVinnie HinostrozaValtteri Puustinen1226056%2:11
2Radim ZohornaFilip HallanderMarc Johnstone1224044%1:41
Power Play Defense
Line #DefenseDefensePHYDFOFWanted %Time %Time Play
1Jack RathboneDmitri Samorukov1226060%2:19
2Will ButcherRyan Shea1224040%1:33
Penalty Kill 4 Players Forward
Line #CenterWingPHYDFOFWanted %Time %Time Play
1Vinnie HinostrozaAlex Nylander1226084%1:33
2Filip HallanderRadim Zohorna1224016%0:18
Penalty Kill 4 Players Defense
Line #DefenseDefensePHYDFOFWanted %Time %Time Play
1Jack RathboneDmitri Samorukov1226071%1:19
2Will ButcherRyan Shea1224029%0:32
Penalty Kill 3 Players
Line #WingPHYDFOFWanted %Time %Time PlayDefenseDefensePHYDFOFWanted %Time %Time Play
1Vinnie Hinostroza122600%0:00 Jack RathboneDmitri Samorukov122600%0:00
2Filip Hallander122400%0:00 Will ButcherRyan Shea122400%0:00
4 vs 4 Forward
Line #CenterWingPHYDFOFWanted %Time %Time Play
1Vinnie HinostrozaAlex Nylander1226081%1:52
2Filip HallanderRadim Zohorna1224019%0:27
4 vs 4 Defense
Line #DefensePHYDFOFWanted %Time %Time Play
1Jack RathboneDmitri Samorukov1226057%60% - 1:19
2Will ButcherRyan Shea1224043%40% - 1:00
Last Minutes Offensive
Left WingCenterRight WingDefenseDefense
Alex NylanderVinnie HinostrozaValtteri PuustinenJack RathboneDmitri Samorukov
Last Minutes Defensive
Left WingCenterRight WingDefenseDefense
Alex NylanderVinnie HinostrozaValtteri PuustinenJack RathboneDmitri Samorukov
Time
Total ForwardTotal DefenseLast Minutes OffensiveLast Minutes Defensive
60:00 60:00 0:000:00
Extra Forwards
Normal PowerPlayPenalty Kill
Jonathan Gruden, Valtteri Puustinen, Marc JohnstoneJonathan Gruden, Valtteri PuustinenJonathan Gruden
Extra Defensemen
Normal PowerPlayPenalty Kill
John Ludvig, Xavier Ouellet, Jack St-IvanyJohn Ludvig, John LudvigXavier Ouellet
Penalty Shots
Vinnie Hinostroza, Alex Nylander, Radim Zohorna, Filip Hallander, Jonathan Gruden
Goalie
Magnus Hellberg, Taylor Gauthier
Custom OT Lines Forwards
Vinnie Hinostroza, Alex Nylander, Radim Zohorna, Filip Hallander, Jonathan Gruden, Valtteri Puustinen, Marc Johnstone, Corey Andonovski, Lukas Svejkovsky, Raivis Ansons
Custom OT Lines Defensemen
Jack Rathbone, Dmitri Samorukov, Will Butcher, Ryan Shea, John Ludvig
Scratches
Jansen Harkins (Bruised Right Shoulder Injury), Joel Blomqvist (Healthy), Filip Lindberg (Healthy)


Play-by-Play

1st period


0:01 of 1st period - Alex Nylander wins face-off versus Alex Barre-Boulet in neutral zone.
0:07 of 1st period - Off-side.
0:08 of 1st period - Vinnie Hinostroza wins face-off versus Alex Barre-Boulet in neutral zone.
0:41 of 1st period - Snap shot by Simon Ryfors.
0:41 of 1st period - Deflect By Alex Nylander.
0:41 of 1st period - Stopped by Magnus Hellberg with a rebound.
0:43 of 1st period - Slapshot by Sean Day.
0:43 of 1st period - Stopped by Magnus Hellberg without a rebound.
0:44 of 1st period - Logan Brown wins face-off versus Filip Hallander in Wilkes-Barre/Scranton Penguins zone.
0:51 of 1st period - Snap shot by Logan Brown.
0:51 of 1st period - Deflect By Gabriel Fortier.
0:51 of 1st period - Shot Blocked by Ryan Shea.
0:51 of 1st period - Puck is out of play.
0:52 of 1st period - Filip Hallander wins face-off versus Logan Brown in Wilkes-Barre/Scranton Penguins zone.
0:59 of 1st period - Wrist shot by Filip Hallander.
0:59 of 1st period - Stopped by Luke Peressini with a rebound.
1:07 of 1st period - Filip Hallander is hit by Jack Finley and loses puck.
1:18 of 1st period - Gabriel Fortier is hit by Radim Zohorna and loses puck.
1:31 of 1st period - Slapshot by Filip Hallander.
1:31 of 1st period - Shot Misses the Net.
1:45 of 1st period - Wrist shot by Logan Brown.
1:45 of 1st period - Stopped by Magnus Hellberg without a rebound.
1:46 of 1st period - Alex Barre-Boulet wins face-off versus Jonathan Gruden in Wilkes-Barre/Scranton Penguins zone.
1:49 of 1st period - Slapshot by Cole Koepke.
1:49 of 1st period - Stopped by Magnus Hellberg without a rebound.
1:50 of 1st period - Jonathan Gruden wins face-off versus Alex Barre-Boulet in Wilkes-Barre/Scranton Penguins zone.
1:55 of 1st period - Wrist shot by Jonathan Gruden.
1:55 of 1st period - Shot Misses the Net.
2:09 of 1st period - Xavier Ouellet is hit by Alex Barre-Boulet and loses puck.
2:18 of 1st period - Snap shot by Corey Andonovski.
2:18 of 1st period - Shot Misses the Net.
2:37 of 1st period - Icing by Cole Koepke.
2:38 of 1st period - Alex Barre-Boulet wins face-off versus Vinnie Hinostroza in Syracuse Crunch zone.
3:45 of 1st period - Simon Ryfors is hit by Will Butcher and loses puck.
4:44 of 1st period - Slapshot by Will Butcher.
4:44 of 1st period - Stopped by Luke Peressini with a rebound.
4:46 of 1st period - Snap shot by Will Butcher.
4:46 of 1st period - Shot Blocked by Brandon Hickey.
5:30 of 1st period - Snap shot by Vinnie Hinostroza.
5:30 of 1st period - Shot Blocked by Brandon Hickey.
5:32 of 1st period - Snap shot by Ryan Shea.
5:32 of 1st period - Shot Misses the Net.
6:14 of 1st period - Snap shot by Simon Ryfors.
6:14 of 1st period - Shot Misses the Net.
6:24 of 1st period - Snap shot by Will Butcher.
6:24 of 1st period - Stopped by Luke Peressini with a rebound.
6:32 of 1st period - Wrist shot by Vinnie Hinostroza.
6:32 of 1st period - Shot Misses the Net.
6:42 of 1st period - Snap shot by Will Butcher.
6:42 of 1st period - Shot Blocked by Brandon Hickey.
6:44 of 1st period - Slapshot by Ryan Shea.
6:44 of 1st period - Shot Blocked by Simon Ryfors.
7:10 of 1st period - Slapshot by Will Butcher.
7:10 of 1st period - Stopped by Luke Peressini with a rebound.
7:14 of 1st period - Wrist shot by Vinnie Hinostroza.
7:14 of 1st period - Shot Blocked by Jake Massie.
7:16 of 1st period - Slapshot by Ryan Shea.
7:16 of 1st period - Stopped by Luke Peressini with a rebound.
7:18 of 1st period - Wrist shot by Vinnie Hinostroza.
7:18 of 1st period - Shot Misses the Net.
7:38 of 1st period - Slapshot by Will Butcher.
7:38 of 1st period - Deflect By Vinnie Hinostroza.
7:38 of 1st period - Shot Misses the Net.
7:38 of 1st period - Puck is out of play.
7:39 of 1st period - Filip Hallander wins face-off versus Logan Brown in Syracuse Crunch zone.
7:44 of 1st period - Wrist shot by Radim Zohorna.
7:44 of 1st period - Shot Blocked by Sean Day.
8:12 of 1st period - Wrist shot by Jack Rathbone.
8:12 of 1st period - Deflect By Jonathan Gruden.
8:12 of 1st period - Stopped by Luke Peressini without a rebound.
8:13 of 1st period - Logan Brown wins face-off versus Filip Hallander in Syracuse Crunch zone.
8:13 of 1st period - Logan Brown is hit by Filip Hallander.
8:23 of 1st period - Wrist shot by Filip Hallander.
8:23 of 1st period - Stopped by Luke Peressini without a rebound.
8:24 of 1st period - Filip Hallander wins face-off versus Alex Barre-Boulet in Syracuse Crunch zone.
10:06 of 1st period - Jonathan Gruden is hit by Alex Barre-Boulet.
15:11 of 1st period - Declan Carlile is hit by Filip Hallander and loses puck.
18:05 of 1st period - Icing by Xavier Ouellet.
18:06 of 1st period - Filip Hallander wins face-off versus Felix Robert in Wilkes-Barre/Scranton Penguins zone.
19:14 of 1st period - Lucas Edmonds is hit by Dmitri Samorukov and loses puck.
19:43 of 1st period - Cole Koepke is hit by Jonathan Gruden and loses puck.
Goals for this period are 0 for Syracuse Crunch vs 0 for Wilkes-Barre/Scranton Penguins.
Shots for this period are 4 for Syracuse Crunch vs 7 for Wilkes-Barre/Scranton Penguins.

2nd period


0:01 of 2nd period - Alex Barre-Boulet wins face-off versus Vinnie Hinostroza in neutral zone.
0:22 of 2nd period - Minor Penalty to Dmitri Samorukov for Tripping.
0:23 of 2nd period - Vinnie Hinostroza wins face-off versus Alex Barre-Boulet in Wilkes-Barre/Scranton Penguins zone.
0:38 of 2nd period - Wrist shot by Alex Nylander.
0:38 of 2nd period - Stopped by Luke Peressini with a rebound.
0:44 of 2nd period - Double Minor Penalty to Alex Barre-Boulet for Roughing.
0:45 of 2nd period - Lucas Edmonds wins face-off versus Vinnie Hinostroza in Syracuse Crunch zone.
1:22 of 2nd period - Jake Massie is hit by Vinnie Hinostroza and loses puck.
1:37 of 2nd period - Slapshot by Jack Finley.
1:37 of 2nd period - Stopped by Magnus Hellberg without a rebound.
1:38 of 2nd period - Jack Finley wins face-off versus Vinnie Hinostroza in Wilkes-Barre/Scranton Penguins zone.
1:41 of 2nd period - Slapshot by Gabriel Fortier.
1:41 of 2nd period - Shot Misses the Net.
1:43 of 2nd period - Snap shot by Jack Finley.
1:43 of 2nd period - Shot Misses the Net.
1:45 of 2nd period - Slapshot by Jack Thompson.
1:45 of 2nd period - Stopped by Magnus Hellberg with a rebound.
1:47 of 2nd period - Slapshot by Brenden Miller.
1:47 of 2nd period - Shot Blocked by Alex Nylander.
1:49 of 2nd period - Snap shot by Jack Finley.
1:49 of 2nd period - Shot Blocked by Jack Rathbone.
1:51 of 2nd period - Slapshot by Brenden Miller.
1:51 of 2nd period - Deflect By Alex Nylander.
1:51 of 2nd period - Stopped by Magnus Hellberg with a rebound.
1:53 of 2nd period - Snap shot by Jack Finley.
1:53 of 2nd period - Shot Misses the Net.
2:08 of 2nd period - Snap shot by Alex Nylander.
2:08 of 2nd period - Shot Misses the Net.
2:22 of 2nd period - Penalty to Dmitri Samorukov is over, Dmitri Samorukov is back on ice.
2:24 of 2nd period - Slapshot by Jack Thompson.
2:24 of 2nd period - Shot Misses the Net.
2:30 of 2nd period - Snap shot by Jack Finley.
2:30 of 2nd period - Shot Misses the Net.
2:32 of 2nd period - Wrist shot by Gabriel Fortier.
2:32 of 2nd period - Stopped by Magnus Hellberg with a rebound.
2:34 of 2nd period - Snap shot by Jack Finley.
2:34 of 2nd period - Shot Misses the Net.
2:36 of 2nd period - Wrist shot by Gabriel Fortier.
2:36 of 2nd period - Stopped by Magnus Hellberg with a rebound.
2:38 of 2nd period - Slapshot by Gabriel Fortier.
2:38 of 2nd period - Stopped by Magnus Hellberg with a rebound.
2:40 of 2nd period - Slapshot by Brenden Miller.
2:40 of 2nd period - Deflect By Gabriel Fortier.
2:40 of 2nd period - Stopped by Magnus Hellberg with a rebound.
2:42 of 2nd period - Wrist shot by Gabriel Fortier.
2:42 of 2nd period - Deflect By Jack Finley.
2:42 of 2nd period - Shot Blocked by Will Butcher.
2:42 of 2nd period - Puck is out of play.
2:43 of 2nd period - Ilya Usau wins face-off versus Filip Hallander in Wilkes-Barre/Scranton Penguins zone.
2:50 of 2nd period - Slapshot by Declan Carlile.
2:50 of 2nd period - Stopped by Magnus Hellberg with a rebound.
2:56 of 2nd period - Declan Carlile is hit by Radim Zohorna.
4:44 of 2nd period - Penalty to Alex Barre-Boulet is over, Alex Barre-Boulet is back on ice.
4:49 of 2nd period - Slapshot by Will Butcher.
4:49 of 2nd period - Deflect By Corey Andonovski.
4:49 of 2nd period - Stopped by Luke Peressini with a rebound.
5:03 of 2nd period - Snap shot by Cole Koepke.
5:03 of 2nd period - Stopped by Magnus Hellberg with a rebound.
5:15 of 2nd period - Wrist shot by Alex Barre-Boulet.
5:15 of 2nd period - Stopped by Magnus Hellberg with a rebound.
5:17 of 2nd period - Slapshot by Gage Goncalves.
5:17 of 2nd period - Shot Blocked by Ryan Shea.
5:19 of 2nd period - Slapshot by Sean Day.
5:19 of 2nd period - Stopped by Magnus Hellberg with a rebound.
5:21 of 2nd period - Slapshot by Alex Barre-Boulet.
5:21 of 2nd period - Shot Misses the Net.
5:23 of 2nd period - Backhand shot by Cole Koepke.
5:23 of 2nd period - Shot Misses the Net.
5:25 of 2nd period - Snap shot by Alex Barre-Boulet.
5:25 of 2nd period - Stopped by Magnus Hellberg with a rebound.
5:27 of 2nd period - Slapshot by Sean Day.
5:27 of 2nd period - Shot Misses the Net.
5:29 of 2nd period - Snap shot by Gage Goncalves.
5:29 of 2nd period - Stopped by Magnus Hellberg with a rebound.
5:31 of 2nd period - Snap shot by Cole Koepke.
5:31 of 2nd period - Stopped by Magnus Hellberg with a rebound.
5:39 of 2nd period - Slapshot by Gage Goncalves.
5:39 of 2nd period - Shot Blocked by Will Butcher.
5:41 of 2nd period - Snap shot by Cole Koepke.
5:41 of 2nd period - Stopped by Magnus Hellberg without a rebound.
5:42 of 2nd period - Filip Hallander wins face-off versus Logan Brown in Wilkes-Barre/Scranton Penguins zone.
6:07 of 2nd period - Brenden Miller is hit by Jack Rathbone and loses puck.
6:12 of 2nd period - Snap shot by Alex Nylander.
6:12 of 2nd period - Shot Blocked by Jack Thompson.
8:22 of 2nd period - Icing by Brenden Miller.
8:23 of 2nd period - Lukas Svejkovsky wins face-off versus Simon Ryfors in Syracuse Crunch zone.
8:42 of 2nd period - Felix Robert is hit by Jonathan Gruden and loses puck.
8:49 of 2nd period - Raivis Ansons is hit by Declan Carlile and loses puck.
8:56 of 2nd period - Wrist shot by Simon Ryfors.
8:56 of 2nd period - Shot Misses the Net.
9:08 of 2nd period - Snap shot by Vinnie Hinostroza.
9:08 of 2nd period - Shot Misses the Net.
9:10 of 2nd period - Slapshot by Jack Rathbone.
9:10 of 2nd period - Deflect By Alex Nylander.
9:10 of 2nd period - Stopped by Luke Peressini without a rebound.
9:11 of 2nd period - Alex Barre-Boulet wins face-off versus Vinnie Hinostroza in Syracuse Crunch zone.
9:18 of 2nd period - Snap shot by Vinnie Hinostroza.
9:18 of 2nd period - Stopped by Luke Peressini without a rebound.
9:19 of 2nd period - Alex Barre-Boulet wins face-off versus Vinnie Hinostroza in Syracuse Crunch zone.
9:19 of 2nd period - Alex Barre-Boulet is hit by Jack Rathbone.
10:09 of 2nd period - Wrist shot by Corey Andonovski.
10:09 of 2nd period - Shot Blocked by Lucas Edmonds.
10:59 of 2nd period - Wrist shot by Vinnie Hinostroza.
10:59 of 2nd period - Shot Misses the Net.
11:23 of 2nd period - Radim Zohorna is hit by Brenden Miller and loses puck.
11:50 of 2nd period - Off-side.
11:51 of 2nd period - Filip Hallander wins face-off versus Simon Ryfors in neutral zone.
11:56 of 2nd period - Snap shot by Filip Hallander.
11:56 of 2nd period - Stopped by Luke Peressini with a rebound.
11:58 of 2nd period - Slapshot by Ryan Shea.
11:58 of 2nd period - Stopped by Luke Peressini without a rebound.
11:59 of 2nd period - Simon Ryfors wins face-off versus Vinnie Hinostroza in Syracuse Crunch zone.
11:59 of 2nd period - Simon Ryfors is hit by Ryan Shea.
12:22 of 2nd period - Icing by Felix Robert.
12:23 of 2nd period - Simon Ryfors wins face-off versus Filip Hallander in Syracuse Crunch zone.
12:34 of 2nd period - Slapshot by Cole Koepke.
12:34 of 2nd period - Shot Misses the Net.
12:36 of 2nd period - Snap shot by Cole Koepke.
12:36 of 2nd period - Shot Blocked by Dmitri Samorukov.
12:38 of 2nd period - Snap shot by Cole Koepke.
12:38 of 2nd period - Shot Misses the Net.
12:48 of 2nd period - Jack Finley is hit by Valtteri Puustinen and loses puck.
12:59 of 2nd period - Snap shot by Valtteri Puustinen.
12:59 of 2nd period - Shot Blocked by Sean Day.
13:27 of 2nd period - Minor Penalty to John Ludvig for High sticking.
13:28 of 2nd period - Alex Barre-Boulet wins face-off versus Vinnie Hinostroza in Wilkes-Barre/Scranton Penguins zone.
13:39 of 2nd period - Slapshot by Simon Ryfors.
13:39 of 2nd period - Goal by Simon Ryfors - Syracuse Crunch : 1 - Wilkes-Barre/Scranton Penguins : 0.
13:40 of 2nd period - Alex Barre-Boulet wins face-off versus Vinnie Hinostroza in neutral zone.
13:45 of 2nd period - Dmitri Samorukov is hit by Lucas Edmonds and loses puck.
13:52 of 2nd period - Backhand shot by Cole Koepke.
13:52 of 2nd period - Shot Misses the Net.
13:54 of 2nd period - Wrist shot by Cole Koepke.
13:54 of 2nd period - Stopped by Magnus Hellberg with a rebound.
13:56 of 2nd period - Slapshot by Sean Day.
13:56 of 2nd period - Stopped by Magnus Hellberg with a rebound.
14:06 of 2nd period - Sean Day is hit by Jack Rathbone and loses puck.
14:17 of 2nd period - Wrist shot by Radim Zohorna.
14:17 of 2nd period - Stopped by Luke Peressini with a rebound.
14:19 of 2nd period - Wrist shot by Radim Zohorna.
14:19 of 2nd period - Deflect By Filip Hallander.
14:19 of 2nd period - Stopped by Luke Peressini with a rebound.
14:32 of 2nd period - Off-side.
14:33 of 2nd period - Jonathan Gruden wins face-off versus Simon Ryfors in neutral zone.
14:40 of 2nd period - Slapshot by Jack Rathbone.
14:40 of 2nd period - Shot Misses the Net.
14:42 of 2nd period - Slapshot by Jack Rathbone.
14:42 of 2nd period - Deflect By Jonathan Gruden.
14:42 of 2nd period - Shot Misses the Net.
14:42 of 2nd period - Puck is out of play.
14:43 of 2nd period - Vinnie Hinostroza wins face-off versus Alex Barre-Boulet in Syracuse Crunch zone.
15:08 of 2nd period - Snap shot by Cole Koepke.
15:08 of 2nd period - Stopped by Magnus Hellberg with a rebound.
15:10 of 2nd period - Slapshot by Gabriel Fortier.
15:10 of 2nd period - Goal by Gabriel Fortier - Syracuse Crunch : 2 - Wilkes-Barre/Scranton Penguins : 0.
15:11 of 2nd period - Cole Koepke wins face-off versus Vinnie Hinostroza in neutral zone.
15:24 of 2nd period - Snap shot by Valtteri Puustinen.
15:24 of 2nd period - Stopped by Luke Peressini with a rebound.
15:26 of 2nd period - Slapshot by Jack Rathbone.
15:26 of 2nd period - Stopped by Luke Peressini with a rebound.
15:38 of 2nd period - Jack Rathbone is hit by Sean Day and loses puck.
17:38 of 2nd period - Snap shot by Radim Zohorna.
17:38 of 2nd period - Stopped by Luke Peressini without a rebound.
17:39 of 2nd period - Filip Hallander wins face-off versus Logan Brown in Syracuse Crunch zone.
17:42 of 2nd period - Wrist shot by Filip Hallander.
17:42 of 2nd period - Shot Misses the Net.
17:44 of 2nd period - Slapshot by Marc Johnstone.
17:44 of 2nd period - Goal by Marc Johnstone - Syracuse Crunch : 2 - Wilkes-Barre/Scranton Penguins : 1.
17:45 of 2nd period - Alex Barre-Boulet wins face-off versus Vinnie Hinostroza in neutral zone.
17:48 of 2nd period - Slapshot by Declan Carlile.
17:48 of 2nd period - Stopped by Magnus Hellberg without a rebound.
17:49 of 2nd period - Alex Nylander wins face-off versus Alex Barre-Boulet in Wilkes-Barre/Scranton Penguins zone.
17:51 of 2nd period - Minor Penalty to Valtteri Puustinen for Tripping.
17:52 of 2nd period - Vinnie Hinostroza wins face-off versus Alex Barre-Boulet in Wilkes-Barre/Scranton Penguins zone.
17:52 of 2nd period - Vinnie Hinostroza is hit by Alex Barre-Boulet.
18:25 of 2nd period - Vinnie Hinostroza is hit by Gabriel Fortier.
19:08 of 2nd period - Minor Penalty to Alex Barre-Boulet for Holding.
19:09 of 2nd period - Lucas Edmonds wins face-off versus Vinnie Hinostroza in Syracuse Crunch zone.
19:51 of 2nd period - Penalty to Valtteri Puustinen is over, Valtteri Puustinen is back on ice.
Goals for this period are 2 for Syracuse Crunch vs 1 for Wilkes-Barre/Scranton Penguins.
Shots for this period are 21 for Syracuse Crunch vs 12 for Wilkes-Barre/Scranton Penguins.

3rd period


0:01 of 3rd period - Vinnie Hinostroza wins face-off versus Jack Finley in neutral zone.
0:12 of 3rd period - Wrist shot by Jack Finley.
0:12 of 3rd period - Shot Misses the Net.
0:38 of 3rd period - Snap shot by Radim Zohorna.
0:38 of 3rd period - Shot Misses the Net.
0:40 of 3rd period - Wrist shot by Radim Zohorna.
0:40 of 3rd period - Deflect By Filip Hallander.
0:40 of 3rd period - Goal by Filip Hallander - Syracuse Crunch : 2 - Wilkes-Barre/Scranton Penguins : 2.
0:41 of 3rd period - Alex Barre-Boulet wins face-off versus Vinnie Hinostroza in neutral zone.
0:48 of 3rd period - Snap shot by Alex Barre-Boulet.
0:48 of 3rd period - Deflect By Valtteri Puustinen.
0:48 of 3rd period - Stopped by Magnus Hellberg with a rebound.
0:50 of 3rd period - Wrist shot by Cole Koepke.
0:50 of 3rd period - Stopped by Magnus Hellberg with a rebound.
0:52 of 3rd period - Wrist shot by Alex Barre-Boulet.
0:52 of 3rd period - Shot Misses the Net.
2:07 of 3rd period - Wrist shot by Vinnie Hinostroza.
2:07 of 3rd period - Deflect By Alex Nylander.
2:07 of 3rd period - Stopped by Luke Peressini without a rebound.
2:08 of 3rd period - Alex Barre-Boulet wins face-off versus Vinnie Hinostroza in Syracuse Crunch zone.
2:33 of 3rd period - Jack Thompson is hit by Marc Johnstone and loses puck.
2:40 of 3rd period - Snap shot by Gabriel Fortier.
2:40 of 3rd period - Stopped by Magnus Hellberg without a rebound.
2:41 of 3rd period - Lucas Edmonds wins face-off versus Raivis Ansons in Wilkes-Barre/Scranton Penguins zone.
2:51 of 3rd period - Minor Penalty to Alex Barre-Boulet for Cross-checking.
2:52 of 3rd period - Vinnie Hinostroza wins face-off versus Jack Finley in Syracuse Crunch zone.
3:31 of 3rd period - Wrist shot by Filip Hallander.
3:31 of 3rd period - Goal by Filip Hallander - Syracuse Crunch : 2 - Wilkes-Barre/Scranton Penguins : 3.
3:32 of 3rd period - Vinnie Hinostroza wins face-off versus Alex Barre-Boulet in neutral zone.
3:45 of 3rd period - Wrist shot by Cole Koepke.
3:45 of 3rd period - Shot Blocked by Jack Rathbone.
3:47 of 3rd period - Wrist shot by Lucas Edmonds.
3:47 of 3rd period - Stopped by Magnus Hellberg without a rebound.
3:48 of 3rd period - Logan Brown wins face-off versus Filip Hallander in Wilkes-Barre/Scranton Penguins zone.
3:49 of 3rd period - Snap shot by Gabriel Fortier.
3:49 of 3rd period - Stopped by Magnus Hellberg with a rebound.
4:18 of 3rd period - Snap shot by Valtteri Puustinen.
4:18 of 3rd period - Shot Blocked by Declan Carlile.
4:22 of 3rd period - Slapshot by Valtteri Puustinen.
4:22 of 3rd period - Shot Misses the Net.
4:36 of 3rd period - Gage Goncalves is hit by Jonathan Gruden and loses puck.
4:59 of 3rd period - Wrist shot by Filip Hallander.
4:59 of 3rd period - Shot Misses the Net.
7:00 of 3rd period - Wrist shot by Corey Andonovski.
7:00 of 3rd period - Stopped by Luke Peressini with a rebound.
7:09 of 3rd period - Icing by Xavier Ouellet.
7:10 of 3rd period - Jonathan Gruden wins face-off versus Logan Brown in Wilkes-Barre/Scranton Penguins zone.
8:02 of 3rd period - Snap shot by Corey Andonovski.
8:02 of 3rd period - Shot Blocked by Felix Robert.
8:06 of 3rd period - Snap shot by Jonathan Gruden.
8:06 of 3rd period - Goal by Jonathan Gruden - Syracuse Crunch : 2 - Wilkes-Barre/Scranton Penguins : 4.
8:07 of 3rd period - Alex Barre-Boulet wins face-off versus Vinnie Hinostroza in neutral zone.
8:42 of 3rd period - Will Butcher is hit by Lucas Edmonds and loses puck.
9:19 of 3rd period - Snap shot by Alex Nylander.
9:19 of 3rd period - Deflect By Valtteri Puustinen.
9:19 of 3rd period - Shot Misses the Net.
9:19 of 3rd period - Puck is out of play.
9:20 of 3rd period - Simon Ryfors wins face-off versus Vinnie Hinostroza in Syracuse Crunch zone.
9:28 of 3rd period - Slapshot by Jack Thompson.
9:28 of 3rd period - Stopped by Magnus Hellberg without a rebound.
9:29 of 3rd period - Logan Brown wins face-off versus Vinnie Hinostroza in Wilkes-Barre/Scranton Penguins zone.
9:30 of 3rd period - Snap shot by Gabriel Fortier.
9:30 of 3rd period - Stopped by Magnus Hellberg with a rebound.
9:40 of 3rd period - Slapshot by Vinnie Hinostroza.
9:40 of 3rd period - Shot Misses the Net.
9:42 of 3rd period - Slapshot by Dmitri Samorukov.
9:42 of 3rd period - Stopped by Luke Peressini with a rebound.
9:44 of 3rd period - Wrist shot by Alex Nylander.
9:44 of 3rd period - Stopped by Luke Peressini without a rebound.
9:45 of 3rd period - Filip Hallander wins face-off versus Alex Barre-Boulet in Syracuse Crunch zone.
10:23 of 3rd period - Slapshot by Jonathan Gruden.
10:23 of 3rd period - Stopped by Luke Peressini with a rebound.
10:35 of 3rd period - Vinnie Hinostroza is hit by Declan Carlile and loses puck.
11:18 of 3rd period - Jonathan Gruden is hit by Brenden Miller and loses puck.
11:29 of 3rd period - Wrist shot by Simon Ryfors.
11:29 of 3rd period - Shot Misses the Net.
11:31 of 3rd period - Snap shot by Gage Goncalves.
11:31 of 3rd period - Shot Misses the Net.
12:45 of 3rd period - Slapshot by Jack Rathbone.
12:45 of 3rd period - Deflect By Jonathan Gruden.
12:45 of 3rd period - Goal by Jonathan Gruden - Syracuse Crunch : 2 - Wilkes-Barre/Scranton Penguins : 5.
12:46 of 3rd period - Alex Barre-Boulet wins face-off versus Filip Hallander in neutral zone.
13:34 of 3rd period - Ryan Shea is hit by Simon Ryfors and loses puck.
13:53 of 3rd period - Snap shot by Valtteri Puustinen.
13:53 of 3rd period - Deflect By Corey Andonovski.
13:53 of 3rd period - Shot Misses the Net.
13:53 of 3rd period - Puck is out of play.
13:54 of 3rd period - Jonathan Gruden wins face-off versus Alex Barre-Boulet in Syracuse Crunch zone.
13:55 of 3rd period - Slapshot by Jack Rathbone.
13:55 of 3rd period - Shot Blocked by Brenden Miller.
14:03 of 3rd period - Slapshot by Alex Barre-Boulet.
14:03 of 3rd period - Shot Misses the Net.
14:05 of 3rd period - Slapshot by Brenden Miller.
14:05 of 3rd period - Stopped by Magnus Hellberg with a rebound.
14:07 of 3rd period - Snap shot by Brenden Miller.
14:07 of 3rd period - Deflect By Jack Rathbone.
14:07 of 3rd period - Stopped by Magnus Hellberg without a rebound.
14:08 of 3rd period - Vinnie Hinostroza wins face-off versus Gage Goncalves in Wilkes-Barre/Scranton Penguins zone.
14:34 of 3rd period - Alex Barre-Boulet is hit by Dmitri Samorukov and loses puck.
15:11 of 3rd period - Snap shot by Logan Brown.
15:11 of 3rd period - Stopped by Magnus Hellberg without a rebound.
15:12 of 3rd period - Vinnie Hinostroza wins face-off versus Logan Brown in Wilkes-Barre/Scranton Penguins zone.
15:12 of 3rd period - Vinnie Hinostroza is hit by Sean Day.
15:38 of 3rd period - Marc Johnstone is hit by Sean Day and loses puck.
15:50 of 3rd period - Snap shot by Cole Koepke.
15:50 of 3rd period - Stopped by Magnus Hellberg without a rebound.
15:51 of 3rd period - Vinnie Hinostroza wins face-off versus Simon Ryfors in Wilkes-Barre/Scranton Penguins zone.
15:56 of 3rd period - John Ludvig is hit by Brenden Miller and loses puck.
16:29 of 3rd period - Snap shot by Alex Nylander.
16:29 of 3rd period - Shot Misses the Net.
16:50 of 3rd period - Slapshot by Vinnie Hinostroza.
16:50 of 3rd period - Shot Misses the Net.
16:52 of 3rd period - Slapshot by Dmitri Samorukov.
16:52 of 3rd period - Shot Misses the Net.
16:54 of 3rd period - Slapshot by Alex Nylander.
16:54 of 3rd period - Stopped by Luke Peressini with a rebound.
16:56 of 3rd period - Snap shot by Alex Nylander.
16:56 of 3rd period - Shot Blocked by Declan Carlile.
17:04 of 3rd period - Backhand shot by Vinnie Hinostroza.
17:04 of 3rd period - Shot Misses the Net.
17:06 of 3rd period - Snap shot by Vinnie Hinostroza.
17:06 of 3rd period - Stopped by Luke Peressini with a rebound.
17:08 of 3rd period - Slapshot by Will Butcher.
17:08 of 3rd period - Stopped by Luke Peressini with a rebound.
17:10 of 3rd period - Wrist shot by Valtteri Puustinen.
17:10 of 3rd period - Goal by Valtteri Puustinen - Syracuse Crunch : 2 - Wilkes-Barre/Scranton Penguins : 6.
17:11 of 3rd period - Gage Goncalves wins face-off versus Filip Hallander in neutral zone.
17:46 of 3rd period - Slapshot by Alex Barre-Boulet.
17:46 of 3rd period - Stopped by Magnus Hellberg with a rebound.
Goals for this period are 0 for Syracuse Crunch vs 5 for Wilkes-Barre/Scranton Penguins.
Shots for this period are 12 for Syracuse Crunch vs 13 for Wilkes-Barre/Scranton Penguins.